 Dungeon Crawl Stone Soup version 0.20-a0-1122-gb7cbeb9 (webtiles) character file.

25 anotheruser the Grave Robber (level 2, -1/19 HPs)
             Began as a Demonspawn Necromancer on May 13, 2017.
             Slain by a goblin
             ... wielding a +0 dagger
              (2 damage)
             ... on level 1 of the Dungeon.
             The game lasted 00:11:14 (1163 turns).

anotheruser the Grave Robber (DsNe)                 Turns: 1163, Time: 00:11:15

Health: -1/19      AC:  6    Str:  6    XL:     2   Next: 86%
Magic:  0/5        EV: 12    Int: 16    God:
Gold:   11         SH:  0    Dex: 13    Spells: 3/5 levels left

rFire    . . .     SeeInvis .   g - +0 dagger
rCold    . . .     Gourm    +   (no shield)
rNeg     . . .     Faith    .   a - +0 robe
rPois    .         Spirit   .   o - +1 helmet
rElec    .         Reflect  .   (no cloak)
rCorr    .         Harm     .   (no gloves)
MR       .....                  (no boots)
Stlth    ++........             q - amulet of the gourmand
Regen    0.1/turn               p - -2 ring of strength (curse)
MPRegen  0.1/turn               (no ring)

@: lethally poisoned (-1 -> -6)
A: yellow scales 1
a: no special abilities


You were on level 1 of the Dungeon.
You were not hungry.

You visited 1 branch of the dungeon, and saw 2 of its levels.

You collected 11 gold pieces.

Inventory:

Hand Weapons
 d - a +0 club
 f - a +0 club
 g - a +0 dagger (weapon)
 h - a +0 short sword
 i - a +0 mace
 l - a cursed +0 dagger
 r - a +0 club
 s - a +0 hunting sling
Missiles
 e - 63 stones (quivered)
 j - 6 curare-tipped needles
Armour
 a - a +0 robe (worn)
 m - a +0 robe
 o - a +1 helmet (worn)
 v - a +0 ring mail
Jewellery
 p - a cursed -2 ring of strength (left hand)
 q - an amulet of the gourmand (around neck)
Potions
 u - a potion of curing
Books
 b - a book of Necromancy

   Spells                             Type                      Level
   a - Pain                           Necromancy                   1
   b - Animate Skeleton               Necromancy                   1
   c - Vampiric Draining              Necromancy                   3
   d - Regeneration                   Charms/Necromancy            3
   e - Animate Dead                   Necromancy                   4
   f - Control Undead                 Necromancy                   4
Comestibles
 c - a bread ration


   Skills:
 + Level 2.0 Dodging
 + Level 2.0 Stealth
 + Level 2.3 Spellcasting
 + Level 4.9 Necromancy


You had 3 spell levels left.
You knew the following spells:

 Your Spells              Type           Power        Failure   Level  Hunger
a - Pain                  Necr           ###.         2%          1    #......
b - Animate Skeleton      Necr           N/A          2%          1    #......


Dungeon Overview and Level Annotations

Branches:
Dungeon (2/15)

Altars:


Innate Abilities, Weirdness & Mutations

You are partially covered in yellow scales. (AC +2)


Message History

You climb upwards.
* * * LOW HITPOINT WARNING * * *
You feel sick.
There is a stone staircase leading down here.
Casting: Pain
Confirm with . or Enter, or press ? or * to list all spells.
Aiming: Pain
Press: ? - help, Shift-Dir - straight line, f - adder
Aim: an adder (chance to defeat MR: 82%)
The adder writhes in agony!
The goblin barely misses you. The adder closely misses you.
Casting: Pain
Confirm with . or Enter, or press ? or * to list all spells.
You don't have enough magic to cast that spell.
You closely miss the goblin.
The goblin is moderately wounded.
The adder bites you.
* * * LOW HITPOINT WARNING * * *
The goblin hits you with a dagger.
You die...

##### #.>.# ###
########...## #..
#...........####..
#.................
#S##..............
#@................
#g##......#.####..
#.#######.#.# #..
### #.#'####..
#......###
#......##
#.......#
##......# #......#


You could see an adder and a goblin.

Vanquished Creatures
  A bat (D:1)
  4 goblins (D:1)
  4 hobgoblins
  3 jackals (D:1)
  4 kobolds (D:1)
  3 frilled lizards
  A rat (D:1)
20 creatures vanquished.

Vanquished Creatures (collateral kills)
  A goblin (D:1)
  A rat (D:1)
2 creatures vanquished.

Vanquished Creatures (others)
  A hobgoblin (D:2)
1 creature vanquished.

Grand Total: 23 creatures vanquished

Notes
Turn   | Place    | Note
-------+----------+-------------------------------------------
     0 | D:1      | anotheruser the Demonspawn Necromancer began the quest for the Orb.
     0 | D:1      | Reached XP level 1. HP: 13/13 MP: 3/3
    21 | D:1      | Learned a level 1 spell: Animate Skeleton
   283 | D:1      | Gained mutation: You are partially covered in yellow scales. (AC +2) [demonic ancestry]
   283 | D:1      | Reached XP level 2. HP: 16/19 MP: 0/5
  1163 | D:1      | Slain by a goblin

Vault maps used:
D:1:      ncdulo_halloftheorcs
D:2:      minmay_wonky_spiral, zin_angel, lemuel_coloured_pillars_altar,
          lemuel_old_faithful

Skill      XL: |  1  2 |
---------------+-------+-----
Dodging        | 2 |  2.0
Stealth        | 2 |  2.0
Spellcasting   | |  2.3
Necromancy     | |  4.9

Action                   || total
-------------------------++-------
Melee: Dagger            ||     7
 Cast: Pain              ||    42
       Animate Skeleton  ||     7
  Use: Scroll            ||     3
       Potion            ||     2
  Eat: Chunk             ||     7
Armor: Robe              ||    15
Dodge: Dodged            ||    17
